Map: White Rabbit LE

Players

ShoWTimE

  • Race: Protoss Protoss
  • League: Master
  • Spawn Location: 7:00

LiquidClem (Clem) - Winner!

  • Race: Terran Terran
  • League: Grandmaster
  • Spawn Location: 1:00

VOD

Have the link to the VOD?

Description

Time

  • Played on: Feb. 1, 2026, 5:29 p.m.
  • Length: 6:08
Show
View Real Time Build Order
Export as new Build Order

ShoWTimE Protoss 

Build Orders: 1 Gate Expand, Blink Stalkers 

Get SALT Encoding   

  12  0:00  Probe  
  13  0:12  Probe  
  14  0:17  Pylon  
  14  0:24  Probe  
  15  0:32  Probe  
  15  0:35  Gateway  
  15  0:40  Probe  
  16  0:45  Assimilator  
  17  0:51  Probe  
  18  1:03  Probe  
  19  1:15  Probe  
  20  1:22  Cybernetics Core  
  20  1:30  Nexus  
  20  1:34  Probe  
  20  1:39  Pylon  
  21  1:46  Probe  
  22  1:47  Assimilator  
  22  1:48  Adept  
  22  1:58  Probe  
  22  1:59  Warp Gate  
  25  2:06  Stalker  
  25  2:10  Probe  
  26  2:22  Probe  
  28  2:27  Gateway  
  28  2:34  Probe  
  28  2:35  Adept, Twilight Council  
  31  2:42  Probe  
  32  2:46  Probe  
  32  2:47  Blink  
  33  2:55  Probe  
  34  2:59  Probe, Shield Battery  
  35  3:06  Gateway  
  35  3:07  Probe  
  35  3:11  Probe  
  37  3:19  Probe  
  38  3:23  Probe  
  39  3:31  Probe  
  39  3:32  Robotics Facility  
  40  3:35  Probe  
  39  3:43  Probe  
  39  3:47  Probe  
  38  3:52  Stalker  
  38  3:55  Probe  
  38  3:59  Probe  
  38  4:05  Assimilator  
  38  4:07  Probe  
  39  4:10  Warp Prism, Pylon  
  39  4:11  Probe  
  40  4:19  Probe  
  40  4:23  Probe  
  44  4:24  Dark Shrine  
  44  4:29  Stalker  
  46  4:31  Probe  
  46  4:35  Stalker, Probe  
  50  4:40  Pylon  
  50  4:43  Probe  
  49  4:48  Probe  
  48  4:56  Probe  
  49  5:00  Probe  
  49  5:03  Pylon  
  49  5:04  Stalker  
  49  5:07  Stalker  
  54  5:08  Probe  
  55  5:17  Pylon, Probe  
  56  5:26  Probe  
  56  5:30  Probe  
  57  5:36  Dark Templar  
  57  5:37  Dark Templar  
  57  5:38  Probe  
  57  5:42  Probe  
  63  5:50  Probe  
  63  5:51  Nexus  
  63  5:54  Probe  
Show
View Real Time Build Order
Export as new Build Order

LiquidClem Terran - Winner!

Build Orders:  

Get SALT Encoding   

  12  0:00  SCV  
  13  0:12  SCV  
  14  0:16  Supply Depot  
  14  0:24  SCV  
  15  0:38  SCV, Barracks  
  15  0:42  Refinery  
  16  0:50  SCV  
  16  0:52  Refinery  
  17  1:02  SCV  
  18  1:14  SCV  
  19  1:25  Reaper  
  20  1:26  Orbital Command  
  20  1:27  Supply Depot  
  20  1:39  Factory  
  20  1:51  SCV  
  21  1:58  Barracks Reactor  
  21  2:03  SCV  
  22  2:16  Command Center  
  22  2:18  SCV  
  23  2:23  Hellion  
  25  2:30  SCV  
  25  2:33  Supply Depot  
  25  2:34  Reaper  
  25  2:35  Reaper  
  28  2:44  SCV, Hellion  
  31  2:56  SCV  
  32  2:58  Starport  
  32  3:08  Marine x2  
  32  3:09  SCV  
  32  3:10  Widow Mine  
  37  3:21  SCV  
  37  3:26  Marine  
  39  3:30  Marine  
  39  3:32  Widow Mine  
  39  3:33  Orbital Command  
  42  3:34  Medivac  
  42  3:41  SCV  
  45  3:46  Marine  
  46  3:52  Marine  
  46  3:53  SCV  
  46  3:58  Factory Tech Lab  
  46  4:00  SCV  
  46  4:02  Barracks  
  45  4:04  Marine  
  45  4:05  SCV  
  45  4:06  Starport Tech Lab  
  47  4:10  Marine  
  47  4:11  Supply Depot  
  47  4:14  SCV  
  49  4:17  Siege Tank  
  49  4:18  SCV  
  49  4:23  Refinery  
  53  4:26  SCV  
  54  4:31  Supply Depot  
  54  4:32  Marine, SCV, Raven  
  54  4:38  SCV  
  59  4:39  Marine  
  59  4:44  SCV  
  61  4:50  Marine x2, SCV  
  62  4:55  Supply Depot, Barracks  
  62  4:56  SCV  
  62  4:57  Siege Tank  
  65  5:02  SCV  
  65  5:05  Bunker, Marine  
  67  5:09  SCV  
  68  5:14  Marine, SCV  
  68  5:17  Marine  
  68  5:19  Supply Depot  
  68  5:21  SCV, Engineering Bay  
  70  5:26  SCV  
  70  5:27  Marine  
  72  5:33  SCV, Supply Depot  
  72  5:35  Marine  
  72  5:38  SCV  
  72  5:39  Marauder, Supply Depot  
  72  5:40  Refinery, Starport Reactor  
  75  5:49  Marine, SCV  
  77  5:53  SCV  
Tags
 
Add a new tag
Caveats
  • Supply blocks, unpowered buildings, or Contaminate may cause inaccurate times.
  • Supply counts are checked every 10 seconds.